[Event "Titled Tuesday Blitz August 3 2021"]
[White "Moon_stone123"]
[Black "Ismagilov, Damir"]
[BlackFideId "34199982"]
[WhiteElo "2435"]
[BlackElo "2075"]
[Result "0-1"]
[Round "11"]
[TimeControl "180+1"]
[Date "2021.08.03"]
[WhiteClock "0:00:01"]
[BlackClock "0:00:03"]

1. Nf3 Nf6 2. g3 b6 3. Bg2 Bb7 4. O-O c5 5. d3 d5 6. Nbd2 Nbd7 7. e4 e6 8. Re1 Qc7 9. exd5 Nxd5 10. a4 Be7 11. Nc4 O-O 12. Qe2 Bf6 13. a5 b5 14. Nce5 Nxe5 15. Nxe5 a6 16. h4 Rac8 17. h5 h6 18. Ng4 Be7 19. Nxh6+ gxh6 20. Bxh6 Bf6 21. Bxf8 Rxf8 22. Qf3 Bxb2 23. Rab1 Bc3 24. h6 Kh8 25. Rxe6 Nf4 26. Qxf4 Qxf4 27. gxf4 Bxg2 28. Rxa6 Rg8 29. Kh2 Bd2 30. Rf6 Rg4 31. a6 Bf3 32. Rxf7 Bxf4+ 33. Rxf4 Rxf4 34. Rxb5 Ra4 35. Rxc5 Rxa6 36. Kg3 Bd1 37. Rc7 Rxh6 38. c4 Rd6 39. f4 Rxd3+ 40. Kh4 Kg8 41. Kg5 Kf8 42. Kf6 Ke8 43. c5 Kd8 44. Ra7 Rc3 45. f5 Rxc5 46. Ke6 Bg4 47. Rf7 Ke8 48. Rf6 Ra5 49. Kd6 Bxf5 50. Rh6 Kf7 51. Rh2 Ra6+ 52. Ke5 Bg6 53. Kf4 Kf6 54. Ke3 Ra3+ 55. Kf4 Bf5 56. Rf2 Ra4+ 57. Ke3 Ke5 58. Kd2 Ra3 59. Re2+ Be4 60. Rf2 Kd4 61. Ke1 Ra1+ 62. Ke2 Bd3+ 63. Kd2 Ra2+ 64. Ke1 Ra6 65. Kd2 Be4 66. Ke1 Ke3 67. Re2+ Kf3 68. Rf2+ Ke3 69. Re2+ Kd4 70. Rd2+ Bd3 71. Kf2 Rf6+ 72. Kg3 Ke3 73. Rg2 Be4 74. Rg1 Rf3+ 75. Kh4 Kf4 76. Rg4+ Kf5 77. Rg5+ Kf4 78. Rg4+ Ke5 79. Rg5+ Bf5 80. Rg1 Rh3+ 81. Kg5 Be4 82. Rg4 Rh8 0-1


[Site "https://www.chess.com"]

[Event "Titled Tuesday Blitz August 3 2021"]
[White "Najdin, Danil"]
[Black "Wyde, David"]
[WhiteFideId "4172426"]
[BlackFideId "2028107"]
[WhiteElo "2193"]
[BlackElo "2398"]
[Result "0-1"]
[Round "11"]
[TimeControl "180+1"]
[Date "2021.08.03"]
[WhiteClock "0:00:02"]
[BlackClock "0:00:13"]

1. e4 c5 2. Nf3 e6 3. d4 cxd4 4. Nxd4 a6 5. Bd3 Qc7 6. Qe2 Bc5 7. Nb3 Be7 8. c4 d6 9. Nc3 Nf6 10. O-O O-O 11. Be3 b6 12. f4 Nbd7 13. Rac1 Bb7 14. g4 Nc5 15. Nxc5 bxc5 16. g5 Nd7 17. f5 Rfe8 18. Qh5 Ne5 19. Bb1 g6 20. Qh3 Bf8 21. b3 Rad8 22. Ne2 exf5 23. exf5 Qc6 24. fxg6 hxg6 25. Nf4 Nf3+ 26. Rxf3 Qxf3 27. Qxf3 Bxf3 28. Kf2 Bc6 29. Bd3 Bg7 30. Be2 Be5 31. Bf3 Bxf3 32. Kxf3 Bxf4 33. Bxf4 d5 34. cxd5 Rxd5 35. Rc4 Red8 36. Be3 Rf5+ 37. Ke2 Re8 38. h4 Rfe5 39. Rc3 Rc8 40. Kf3 Kf8 41. Bf4 Re6 42. Rc4 Rec6 43. Kg4 Ke7 44. h5 gxh5+ 45. Kxh5 Rh8+ 46. Kg4 Rh1 47. Kf5 Rf1 48. Re4+ Kd7 49. Kg4 Ra1 50. a4 Rb1 51. Re3 c4 52. bxc4 Rxc4 53. Rd3+ Ke8 54. a5 Rbb4 55. Rf3 Ra4 56. Kf5 Rxa5+ 57. Kf6 Rc6+ 58. Kg7 Rg6+ 59. Kh7 Rf5 60. Re3+ Kd7 61. Rd3+ Kc6 62. Be3 Re6 63. Bd2 Kb7 64. Kg7 Rg6+ 65. Kf8 Re6 66. Kg7 Re2 67. Bc3 Rf1 68. Bf6 Ref2 69. Kxf7 Rg2 70. Rd7+ Kc6 71. Ra7 Rxg5 72. Rxa6+ Kb5 73. Re6 Rgf5 74. Ke7 Kc5 75. Re5+ Rxe5+ 76. Bxe5 Re1 77. Kf6 Kd5 78. Bf4 Rf1 79. Kf5 Rf2 80. Kg5 Ke4 81. Bc7 Rg2+ 82. Kf6 Rf2+ 83. Ke6 Ra2 84. Bd6 Ra6 85. Ke7 Kd5 86. Bg3 Re6+ 87. Kd7 Rg6 88. Bh2 Rg7+ 89. Ke8 Rh7 90. Bg3 Ke6 91. Kf8 Rf7+ 92. Ke8 Rg7 0-1


[Site "https://www.chess.com"]

[Event "Titled Tuesday Blitz August 3 2021"]
[White "Nilsson, Joakim"]
[Black "Koellner, Ruben Gideon"]
[WhiteFideId "1723383"]
[BlackFideId "12993093"]
[WhiteElo "2180"]
[BlackElo "2498"]
[Result "1-0"]
[Round "11"]
[TimeControl "180+1"]
[Date "2021.08.03"]
[WhiteClock "0:01:14"]
[BlackClock "0:00:46"]

1. Nf3 c6 2. b3 d5 3. Bb2 Nf6 4. g3 Nbd7 5. Bg2 Qc7 6. c4 e6 7. O-O Bd6 8. Nc3 O-O 9. Rc1 a6 10. cxd5 exd5 11. d3 Qd8 12. Qc2 Qe7 13. Qb1 Re8 14. Qa1 Ne5 15. Na4 Nxf3+ 16. Bxf3 Be5 17. Nb6 Rb8 18. Bxe5 Qxe5 19. Qxe5 Rxe5 20. d4 Re7 21. Nxc8 Rxc8 22. Rc2 Rd8 23. b4 Ne8 24. e3 Nd6 25. Be2 f5 26. Bd3 g5 27. a4 f4 28. exf4 gxf4 29. b5 axb5 30. axb5 cxb5 31. Rc5 Ne4 32. Rxb5 Nd2 33. Rd1 Nf3+ 34. Kg2 Nxd4 35. Rxd5 f3+ 36. Kh3 Rxd5 37. Bc4 Kg7 38. Bxd5 Nb5 39. Bxf3 Nc3 40. Rd3 Rc7 41. Bxb7 Ne2 42. Be4 Re7 43. f3 Rb7 44. Bxb7 1-0


[Site "https://www.chess.com"]

[Event "Titled Tuesday Blitz August 3 2021"]
[White "Nozdrachev, Leonid"]
[Black "Shimelkov, Vasiliy"]
[WhiteFideId "24113433"]
[BlackFideId "13701630"]
[WhiteElo "2221"]
[BlackElo "2073"]
[Result "0-1"]
[Round "11"]
[TimeControl "180+1"]
[Date "2021.08.03"]
[WhiteClock "0:00:02"]
[BlackClock "0:00:39"]

1. e4 c6 2. d4 d5 3. exd5 cxd5 4. Bd3 Nc6 5. c3 Nf6 6. h3 g6 7. Bf4 Bg7 8. Nf3 O-O 9. O-O Bf5 10. Ne5 Nxe5 11. dxe5 Ne4 12. g4 Bd7 13. Bxe4 dxe4 14. Nd2 Bc6 15. Re1 Qc7 16. Nxe4 Bxe5 17. Bxe5 Qxe5 18. Ng3 Qf6 19. Qe2 e6 20. Ne4 Qh4 21. Qf3 f5 22. Qg3 Qxg3+ 23. Nxg3 fxg4 24. hxg4 Rf4 25. g5 Raf8 26. Re2 e5 27. Rae1 e4 28. Nxe4 Rg4+ 29. Kf1 Bxe4 30. Rxe4 Rxg5 31. Re5 Rxe5 32. Rxe5 Rf7 33. Kg2 Rd7 34. Kg3 Kf7 35. a4 Kf6 36. Rb5 a6 37. Rb6+ Kf5 38. c4 h5 39. b4 g5 40. c5 h4+ 41. Kg2 g4 42. c6 h3+ 43. Kg1 bxc6 44. Rxc6 Rd1+ 45. Kh2 Rd2 46. Kg1 Ra2 47. Rxa6 Ra1+ 48. Kh2 Rf1 49. Kg3 Rg1+ 50. Kh2 Rg2+ 51. Kh1 Rxf2 52. Ra8 g3 53. Rf8+ Ke4 54. Re8+ Kd5 55. Re1 g2+ 56. Kg1 h2+ 57. Kxh2 Rf1 58. Kxg2 Rxe1 59. a5 Kc6 60. Kf2 Rb1 61. Ke3 Rxb4 62. Kd3 Ra4 63. a6 Rxa6 0-1


[Site "https://www.chess.com"]

[Event "Titled Tuesday Blitz August 3 2021"]
[White "Omk124"]
[Black "Terletsky, Oleg"]
[BlackFideId "14116774"]
[WhiteElo "2529"]
[BlackElo "2094"]
[Result "0-1"]
[Round "11"]
[TimeControl "180+1"]
[Date "2021.08.03"]
[WhiteClock "0:01:26"]
[BlackClock "0:00:25"]

1. e4 e5 2. Nf3 Nc6 3. Bc4 Nf6 4. d3 h6 5. a4 d6 6. O-O g6 7. c3 Bg7 8. Nbd2 O-O 9. Re1 Na5 10. Ba2 c5 11. Nf1 Nc6 12. Ne3 Kh7 13. h3 Nh5 14. Bd2 Nf4 15. Qc2 f5 16. exf5 gxf5 17. Nf1 Ng6 18. b4 b6 19. Bd5 Bb7 20. b5 Nb4 21. cxb4 Bxd5 22. N1h2 e4 23. dxe4 fxe4 24. Rxe4 Bxe4 25. Qxe4 Bxa1 26. Ng4 Bg7 27. h4 Qe8 28. Qd3 Rxf3 29. gxf3 h5 30. Ne3 Qe6 31. Nd5 Rf8 32. Bg5 Bd4 33. Ne7 Rf7 34. f4 Qe1+ 35. Kg2 Qxf2+ 36. Kh1 Qg1# 0-1


[Site "https://www.chess.com"]

[Event "Titled Tuesday Blitz August 3 2021"]
[White "Ouellet, Maili-Jade"]
[Black "Hryshchenko, Kamila"]
[WhiteFideId "2620472"]
[BlackFideId "14147491"]
[WhiteElo "1886"]
[BlackElo "1966"]
[Result "1-0"]
[Round "11"]
[TimeControl "180+1"]
[Date "2021.08.03"]
[WhiteClock "0:02:08"]
[BlackClock "0:02:20"]

1. d4 g6 2. c4 Bg7 3. e4 d6 4. Nc3 Nf6 5. f4 c5 6. d5 O-O 7. Nf3 a6 8. Be2 e6 9. O-O exd5 10. cxd5 b5 11. e5 dxe5 12. fxe5 Nfd7 13. e6 fxe6 14. dxe6 Ne5 15. Qxd8 Rxd8 16. Nxe5 Bxe5 17. Bg5 Re8 18. e7 b4 19. Bf3 Ra7 20. Bd5+ 1-0


[Site "https://www.chess.com"]

[Event "Titled Tuesday Blitz August 3 2021"]
[White "Perez Gormaz, Matias"]
[Black "Assaubayeva, Bibisara"]
[WhiteFideId "3406342"]
[BlackFideId "13708694"]
[WhiteElo "2414"]
[BlackElo "2232"]
[Result "0-1"]
[Round "11"]
[TimeControl "180+1"]
[Date "2021.08.03"]
[WhiteClock "0:00:01"]
[BlackClock "0:00:10"]

1. e4 c5 2. Nf3 d6 3. Bb5+ Nd7 4. a4 a6 5. Be2 Ngf6 6. Nc3 b6 7. d4 cxd4 8. Qxd4 Bb7 9. O-O e6 10. Rd1 Qc7 11. Be3 Be7 12. Nd2 d5 13. exd5 Nxd5 14. Nxd5 Bxd5 15. Qxg7 Bf6 16. Qh6 Bxb2 17. Rab1 Be5 18. Nf3 Rg8 19. c4 Be4 20. Rbc1 Rg6 21. Qh4 Bb7 22. a5 bxa5 23. c5 Bc6 24. Qxh7 Nf6 25. Qh4 Ke7 26. Rd6 Rag8 27. Rcd1 Rxg2+ 28. Kf1 Bxf3 29. Bxf3 Rg1+ 30. Ke2 Rxd1 31. Kxd1 Bxd6 32. cxd6+ Qxd6+ 33. Ke2 Qe5 34. Qc4 Qb5 35. Qxb5 axb5 36. h4 a4 37. Bc6 Nd5 38. Bc5+ Kf6 39. Bxb5 Nc3+ 40. Kd3 Nxb5 41. Kc4 Rb8 0-1


[Site "https://www.chess.com"]

[Event "Titled Tuesday Blitz August 3 2021"]
[White "Petrovskyi, Vadym"]
[Black "Mitusov, Semen"]
[WhiteFideId "14165210"]
[BlackFideId "14151049"]
[WhiteElo "2305"]
[BlackElo "2256"]
[Result "1-0"]
[Round "11"]
[TimeControl "180+1"]
[Date "2021.08.03"]
[WhiteClock "0:02:11"]
[BlackClock "0:01:42"]

1. e4 e5 2. Nf3 Nc6 3. d4 exd4 4. Bc4 Nf6 5. e5 d5 6. Bb5 Ne4 7. Nxd4 Bd7 8. Bxc6 bxc6 9. O-O Bc5 10. f3 Ng5 11. f4 Ne4 12. Be3 Bb6 13. Nd2 c5 14. N4f3 Nxd2 15. Qxd2 d4 16. Bf2 Bc6 17. f5 Bxf3 18. gxf3 Qd5 19. Bh4 O-O 20. Rae1 c4 21. f6 h6 22. fxg7 Kxg7 23. Qf4 1-0


[Site "https://www.chess.com"]

[Event "Titled Tuesday Blitz August 3 2021"]
[White "Piesik, Piotr"]
[Black "Aitbayev, Aslan"]
[WhiteFideId "1136194"]
[BlackFideId "13704613"]
[WhiteElo "2354"]
[BlackElo "2417"]
[Result "1-0"]
[Round "11"]
[TimeControl "180+1"]
[Date "2021.08.03"]
[WhiteClock "0:01:23"]
[BlackClock "0:00:08"]

1. Nf3 d5 2. g3 c6 3. Bg2 Bg4 4. O-O Nd7 5. d3 Ngf6 6. Nbd2 e5 7. e4 dxe4 8. dxe4 Bc5 9. h3 Bh5 10. Qe1 O-O 11. Nb3 Bb6 12. Nh4 a5 13. a4 Nc5 14. Nxc5 Bxc5 15. Nf5 Bg6 16. g4 Re8 17. Ng3 Nd7 18. Qe2 Nf8 19. Rd1 Qb6 20. b3 f6 21. Nf1 Ne6 22. Be3 Nd4 23. Bxd4 Bxd4 24. Rab1 Rad8 25. Nd2 Bf7 26. Bf1 Qc5 27. Nf3 Bc3 28. Rxd8 Rxd8 29. Rd1 Bd4 30. Rd3 Qb6 31. Qd2 Re8 32. Nxd4 exd4 33. Rxd4 h6 34. Bc4 Bxc4 35. Rxc4 Qc7 36. Rd4 b6 37. Kg2 Qe5 38. f3 Kh7 39. Rd6 Qc5 40. Rd7 Re6 41. h4 h5 42. gxh5 Qxh5 43. Qf4 Qc5 44. Qg4 Re7 45. Rxe7 Qxe7 46. h5 Qe5 47. Qg6+ Kh8 48. h6 gxh6 49. Qxh6+ Kg8 50. Qg6+ Kf8 51. Qg3 Qc3 52. Qd6+ Kg7 53. Qd3 Qe1 54. f4 c5 55. Qg3+ Qxg3+ 56. Kxg3 Kg6 57. Kg4 Kg7 58. Kf5 Kf7 59. e5 fxe5 60. Kxe5 Ke7 61. Kd5 Kd7 62. f5 Kc7 63. Ke6 b5 64. f6 c4 65. f7 cxb3 66. cxb3 bxa4 1-0


[Site "https://www.chess.com"]

[Event "Titled Tuesday Blitz August 3 2021"]
[White "Potapova, Margarita"]
[Black "Tsaruk, Maksim"]
[WhiteFideId "14126869"]
[BlackFideId "13511173"]
[WhiteElo "2229"]
[BlackElo "2184"]
[Result "0-1"]
[Round "11"]
[TimeControl "180+1"]
[Date "2021.08.03"]
[WhiteClock "0:00:01"]
[BlackClock "0:01:40"]

1. d4 d5 2. c4 dxc4 3. e4 e5 4. Nf3 Bb4+ 5. Bd2 Bxd2+ 6. Nbxd2 exd4 7. Bxc4 Ne7 8. Nb3 Nbc6 9. Nbxd4 Nxd4 10. Qxd4 O-O 11. Bxf7+ Kxf7 12. Qc4+ Kg6 13. Rd1 Qe8 14. O-O h6 15. Qxc7 Kh7 16. Rd6 Ng6 17. e5 Bg4 18. Nd4 Qxe5 19. h3 Rac8 0-1


[Site "https://www.chess.com"]

[Event "Titled Tuesday Blitz August 3 2021"]
[White "Prydun, Andriy"]
[Black "Rosenberg, Evan S"]
[WhiteFideId "14145898"]
[BlackFideId "2019299"]
[WhiteElo "2024"]
[BlackElo "2375"]
[Result "1-0"]
[Round "11"]
[TimeControl "180+1"]
[Date "2021.08.03"]
[WhiteClock "0:01:42"]
[BlackClock "0:00:08"]

1. d4 Nf6 2. Nc3 d5 3. Bf4 a6 4. e3 c5 5. dxc5 Nc6 6. Na4 e5 7. Bg5 Bxc5 8. Bxf6 gxf6 9. Nxc5 Qa5+ 10. c3 Qxc5 11. Nf3 Rg8 12. Qc2 e4 13. Nd2 Bd7 14. O-O-O Rc8 15. Nb3 Qe7 16. Kb1 Be6 17. g3 Qc7 18. Be2 Qb6 19. Rd2 a5 20. a4 Ke7 21. Bb5 Ne5 22. Nd4 Rc7 23. f4 exf3 24. Qxh7 Rgc8 25. Rc1 Nc4 26. Rf2 Nxe3 27. Re1 Ng4 28. Nf5+ Kd8 29. Qg8# 1-0


[Site "https://www.chess.com"]

[Event "Titled Tuesday Blitz August 3 2021"]
[White "Quispe Arteaga, Gabriel"]
[Black "Gontcharov, Vladislav"]
[WhiteFideId "32059809"]
[BlackFideId "4123492"]
[WhiteElo "2172"]
[BlackElo "2503"]
[Result "1-0"]
[Round "11"]
[TimeControl "180+1"]
[Date "2021.08.03"]
[WhiteClock "0:00:02"]
[BlackClock "0:00:05"]

1. d4 Nf6 2. c4 c5 3. d5 e6 4. Nc3 exd5 5. cxd5 d6 6. Nf3 g6 7. e4 Bg7 8. Be2 O-O 9. O-O Re8 10. Qc2 Na6 11. a3 Bg4 12. Bxa6 bxa6 13. Nd2 Bd7 14. a4 Rb8 15. Nc4 Bc8 16. Bf4 Bf8 17. b3 Nh5 18. Bd2 f5 19. Rae1 Bd7 20. Qc1 fxe4 21. Nxe4 Bf5 22. Ba5 Qd7 23. f3 Bxe4 24. fxe4 Rxb3 25. e5 dxe5 26. Nxe5 Qxd5 27. Qc2 Rbb8 28. Bc3 Bg7 29. Nf3 Rxe1 30. Rxe1 c4 31. Bxg7 Nxg7 32. Re5 Qd3 33. Qxd3 cxd3 34. Rd5 Ne6 35. Rxd3 Rb4 36. Rd6 Nc5 37. Rc6 Ne4 38. h3 Rxa4 39. Rc7 h6 40. Ne5 g5 41. Kh2 a5 42. Ng4 h5 43. Nh6+ Kf8 44. Rf7+ Ke8 45. Rxa7 Ra2 46. Nf5 g4 47. Re7+ Kf8 48. Rxe4 gxh3 49. Kxh3 a4 50. Ng3 a3 51. Ra4 h4 52. Rxh4 Rb2 53. Ra4 a2 54. Ne4 Kf7 55. Kg4 Ke6 56. g3 Kd5 57. Rxa2 Rb4 58. Kf5 1-0


[Site "https://www.chess.com"]

[Event "Titled Tuesday Blitz August 3 2021"]
[White "Rodrigues, Bruno Morado"]
[Black "Grinblat, Dmitry"]
[WhiteFideId "2115654"]
[BlackFideId "4163257"]
[WhiteElo "2040"]
[BlackElo "2471"]
[Result "0-1"]
[Round "11"]
[TimeControl "180+1"]
[Date "2021.08.03"]
[WhiteClock "0:00:05"]
[BlackClock "0:00:04"]

1. d4 d5 2. Nc3 Nf6 3. Bg5 Nbd7 4. Qd3 e6 5. e4 dxe4 6. Nxe4 Be7 7. Bxf6 Nxf6 8. g3 O-O 9. Bg2 Re8 10. Ne2 e5 11. Nxf6+ Bxf6 12. d5 Qe7 13. Nc3 e4 14. Qc4 e3 15. O-O Bf5 16. fxe3 Qxe3+ 17. Kh1 Bxc2 18. Rf3 Qe5 19. Raf1 Rad8 20. Rf4 Re7 21. Nb5 Bg6 22. Nxa7 Qxb2 23. Nb5 Re2 24. Rg1 Rde8 25. Nxc7 Rc8 26. d6 Bd8 0-1


[Site "https://www.chess.com"]

[Event "Titled Tuesday Blitz August 3 2021"]
[White "Rustemov, Alexander"]
[Black "Lagunow, Raphael"]
[WhiteFideId "4119002"]
[BlackFideId "24652644"]
[WhiteElo "2666"]
[BlackElo "2400"]
[Result "1-0"]
[Round "11"]
[TimeControl "180+1"]
[Date "2021.08.03"]
[WhiteClock "0:00:16"]
[BlackClock "0:00:03"]

1. d4 d5 2. c4 e6 3. Nc3 c6 4. e3 f5 5. f4 Nf6 6. Nf3 Be7 7. Be2 O-O 8. O-O Nbd7 9. Ng5 Nb8 10. Bd2 Ne4 11. Ngxe4 fxe4 12. Rb1 Nd7 13. b4 Nf6 14. a4 Bd7 15. c5 b6 16. cxb6 axb6 17. Be1 c5 18. dxc5 bxc5 19. b5 c4 20. Bf2 Bc5 21. Qd2 Qb6 22. h3 Rfd8 23. Kh1 Bc8 24. Rfd1 Bb7 25. Qc1 Ne8 26. Ra1 Nd6 27. Bg4 Nf5 28. Bxf5 exf5 29. Ne2 Ra7 30. Nd4 Bxd4 31. Rxd4 Rda8 32. Qc2 Ra5 33. Be1 Rxb5 34. Bc3 Rb3 35. a5 Qb5 36. Rd2 Bc6 37. Bd4 Rxa5 38. Rxa5 Qxa5 39. Rd1 Ra3 40. Qf2 c3 41. Qg3 Qc7 42. Rc1 Be8 43. Qg5 Bg6 44. Kh2 c2 45. h4 Bf7 46. Qxg7# 1-0


[Site "https://www.chess.com"]

[Event "Titled Tuesday Blitz August 3 2021"]
[White "Salinas Herrera, Pablo"]
[Black "Kretov, Evgenij"]
[WhiteFideId "3407128"]
[BlackFideId "4167821"]
[WhiteElo "2541"]
[BlackElo "2400"]
[Result "1-0"]
[Round "11"]
[TimeControl "180+1"]
[Date "2021.08.03"]
[WhiteClock "0:02:19"]
[BlackClock "0:01:34"]

1. d4 Nf6 2. Nf3 e6 3. Bf4 c5 4. e3 d5 5. Nbd2 Nc6 6. c3 Bd6 7. Bg3 O-O 8. Bb5 Ne7 9. Bd3 Qc7 10. e4 dxe4 11. Nxe4 Nxe4 12. Bxe4 cxd4 13. Nxd4 Bxg3 14. hxg3 f5 15. Bc2 Qe5+ 16. Kf1 b6 17. Bb3 Nd5 18. Kg1 Bb7 19. Qd2 Rfe8 20. Re1 Qd6 21. Qg5 Re7 22. Nxf5 exf5 23. Rxe7 1-0


[Site "https://www.chess.com"]

[Event "Titled Tuesday Blitz August 3 2021"]
[White "Sengupta, Deep"]
[Black "Pires, Marcos Vinicius Torsani"]
[WhiteFideId "5008352"]
[BlackFideId "2118939"]
[WhiteElo "2347"]
[BlackElo "2273"]
[Result "1-0"]
[Round "11"]
[TimeControl "180+1"]
[Date "2021.08.03"]
[WhiteClock "0:00:51"]
[BlackClock "0:00:26"]

1. f4 c6 2. Nf3 d5 3. e3 Nf6 4. b3 Bg4 5. Bb2 e6 6. Be2 Nbd7 7. h3 Bxf3 8. Bxf3 Bd6 9. O-O O-O 10. d4 c5 11. c3 Rc8 12. Nd2 Qe7 13. g4 cxd4 14. cxd4 Ba3 15. Bxa3 Qxa3 16. g5 Ne8 17. Rf2 Nd6 18. Nf1 Rc3 19. Rc2 Rxc2 20. Qxc2 Rc8 21. Qd2 Nf5 22. Bg4 Nd6 23. Bf3 Nf5 24. Be2 Nf8 25. Bd3 Nd6 26. h4 Ng6 27. h5 Ne7 28. Ng3 a5 29. h6 g6 30. Rd1 a4 31. bxa4 Qxa4 32. Rb1 b5 33. Nf1 Nc4 34. Qb4 Qxb4 35. Rxb4 Rb8 36. a4 Nc6 37. Rxb5 Rxb5 38. axb5 Na7 39. Bxc4 dxc4 40. b6 Nc6 41. Kf2 Kf8 42. Ke2 Ke7 43. Nd2 c3 44. Nc4 Kd8 45. Kd3 Nb4+ 46. Kxc3 Nd5+ 47. Kd3 Kc8 48. Nd6+ Kd7 49. Nxf7 Nxb6 50. Ne5+ Ke7 51. Nxg6+ 1-0


[Site "https://www.chess.com"]

[Event "Titled Tuesday Blitz August 3 2021"]
[White "Shkapenko, Pavel"]
[Black "Spitzl, Vinzent"]
[WhiteFideId "4151933"]
[BlackFideId "12901253"]
[WhiteElo "2386"]
[BlackElo "2192"]
[Result "0-1"]
[Round "11"]
[TimeControl "180+1"]
[Date "2021.08.03"]
[WhiteClock "0:00:05"]
[BlackClock "0:00:07"]

1. e4 e5 2. Nf3 Nc6 3. Bc4 Bc5 4. c3 Nf6 5. d4 exd4 6. b4 Bb6 7. e5 Ne4 8. Bd5 Nxc3 9. Nxc3 dxc3 10. Bg5 Ne7 11. O-O O-O 12. Bb3 d5 13. exd6 cxd6 14. Qd3 Be6 15. Rfe1 Qd7 16. Qxc3 Ng6 17. h4 Bxb3 18. Qxb3 Ne5 19. Nxe5 dxe5 20. Rad1 Qf5 21. Rd2 h6 22. Be3 Bxe3 23. Rxe3 Rfd8 24. Rde2 Re8 25. Qd5 b6 26. Rxe5 Qb1+ 27. Kh2 Red8 28. Qc4 Rac8 29. Qf4 Rc1 30. Re8+ Rxe8 31. Rxe8+ Kh7 32. Qxf7 Rh1+ 33. Kg3 Qd3+ 34. f3 Qd6+ 35. Qf4 Qxf4+ 36. Kxf4 Rxh4+ 37. Ke5 Rxb4 38. Kd6 Rb2 39. a4 Rxg2 40. Kc7 h5 41. Re4 Kh6 42. Kb7 Rg6 43. Kxa7 Rf6 44. Kb7 Kg5 45. Re5+ Kh6 46. Rb5 h4 47. Rb4 Kh5 48. Rb5+ g5 49. f4 Rxf4 50. Kxb6 Rxa4 51. Rd5 Re4 52. Rd8 h3 53. Rh8+ Kg4 54. Kc5 Kg3 55. Kd5 Re1 56. Rg8 g4 57. Rh8 h2 0-1


[Site "https://www.chess.com"]

[Event "Titled Tuesday Blitz August 3 2021"]
[White "Skatchkov, Pavel"]
[Black "Isajevsky, Anton"]
[WhiteFideId "4121848"]
[BlackFideId "4142500"]
[WhiteElo "2476"]
[BlackElo "2510"]
[Result "0-1"]
[Round "11"]
[TimeControl "180+1"]
[Date "2021.08.03"]
[WhiteClock "0:00:02"]
[BlackClock "0:00:05"]

1. d4 d5 2. c4 e6 3. Nf3 a6 4. cxd5 exd5 5. Nc3 c6 6. Bf4 Bd6 7. e3 Nf6 8. Bd3 O-O 9. O-O Bg4 10. h3 Bh5 11. g4 Bg6 12. Bxd6 Qxd6 13. Ne5 Bxd3 14. Qxd3 c5 15. f4 cxd4 16. exd4 Nc6 17. Rad1 Rad8 18. Rfe1 Nd7 19. a3 f6 20. Nxd7 Qxd7 21. Qf3 Kh8 22. Kg2 Rfe8 23. Rxe8+ Qxe8 24. b4 Qe6 25. Rd2 Qd6 26. Kg3 Kg8 27. Qd3 g6 28. Qf3 Kf7 29. Na4 Re8 30. Nc5 b6 31. Nxa6 Re4 32. Qf2 g5 33. b5 Rxf4 34. Qg2 Rxd4+ 35. Kf3 Qf4+ 36. Ke2 0-1


[Site "https://www.chess.com"]

[Event "Titled Tuesday Blitz August 3 2021"]
[White "Solon, Nathan"]
[Black "FGHSMN"]
[WhiteFideId "2017229"]
[WhiteElo "2667"]
[BlackElo "2557"]
[Result "0-1"]
[Round "11"]
[TimeControl "180+1"]
[Date "2021.08.03"]
[WhiteClock "0:01:15"]
[BlackClock "0:01:06"]

1. d4 Nf6 2. c4 c5 3. d5 b5 4. cxb5 a6 5. bxa6 g6 6. Nc3 Bxa6 7. e4 Bxf1 8. Kxf1 d6 9. g3 Bg7 10. Kg2 O-O 11. Nf3 Nbd7 12. Qc2 Qa5 13. Bd2 Rfb8 14. Rhb1 Ng4 15. a4 Nge5 16. Nxe5 Nxe5 17. Nb5 Qb6 18. Bc3 Qb7 19. h3 f5 20. Rd1 Rf8 21. exf5 Rxf5 22. Qe4 Raf8 23. f4 Nf7 24. Bxg7 Kxg7 25. Ra3 e5 26. Rf3 Ng5 27. fxg5 Rxf3 28. Rd2 Qf7 29. h4 Rf2+ 30. Rxf2 Qxf2+ 31. Kh3 Rf3 0-1


[Site "https://www.chess.com"]

[Event "Titled Tuesday Blitz August 3 2021"]
[White "Spata, German"]
[Black "Molina, Roberto Junio Brito"]
[WhiteFideId "113026"]
[BlackFideId "2109450"]
[WhiteElo "2238"]
[BlackElo "2402"]
[Result "0-1"]
[Round "11"]
[TimeControl "180+1"]
[Date "2021.08.03"]
[WhiteClock "0:00:04"]
[BlackClock "0:00:06"]

1. Nf3 d5 2. e3 c5 3. b3 Bg4 4. Bb2 e6 5. Be2 Nf6 6. O-O Bd6 7. Ne5 Bxe2 8. Qxe2 O-O 9. d3 Nfd7 10. Nxd7 Nxd7 11. Nd2 a5 12. a4 Be5 13. Bxe5 Nxe5 14. Rfe1 Nc6 15. Nf3 Qf6 16. e4 Rfd8 17. h3 Rac8 18. Rad1 g6 19. Qe3 b6 20. exd5 Rxd5 21. Re2 Kg7 22. Rde1 h5 23. Qe4 Nd4 24. Nxd4 Qxd4 25. Qf3 Rcd8 26. Re4 Qc3 27. Qe2 Rf5 28. Re5 Rd5 29. Rxd5 exd5 30. h4 Rf6 31. Rc1 Re6 32. Qf3 Qd2 33. Rf1 d4 34. Qd1 Qb4 35. g3 b5 36. axb5 Qxb5 37. Kg2 a4 38. bxa4 Qxa4 39. Qd2 Qa8+ 40. Kg1 Qe8 41. Qf4 Qe7 42. Qf3 Re2 43. Rc1 Rd2 44. Kg2 Qe5 45. Qc6 Qe3 46. Qf3 Rxf2+ 47. Qxf2 Qxc1 48. Qf3 Qxc2+ 49. Kh3 Qb3 50. Qf4 Qe6+ 51. Kg2 Qf5 52. Qxf5 gxf5 53. Kf3 Kf6 54. Kf4 Ke6 55. g4 fxg4 0-1


[Site "https://www.chess.com"]

[Event "Titled Tuesday Blitz August 3 2021"]
[White "Swicarz, Maciej"]
[Black "Koridze, Lile"]
[WhiteFideId "1113585"]
[BlackFideId "13612514"]
[WhiteElo "2199"]
[BlackElo "1978"]
[Result "1-0"]
[Round "11"]
[TimeControl "180+1"]
[Date "2021.08.03"]
[WhiteClock "0:01:58"]
[BlackClock "0:01:31"]

1. c4 e5 2. Nc3 Nf6 3. Nf3 Nc6 4. e4 Bc5 5. Nxe5 Bxf2+ 6. Kxf2 Nxe5 7. d4 Ng6 8. h4 h5 9. Bg5 d6 10. Be2 Bg4 11. Rf1 Qd7 12. Bxf6 gxf6 13. Nd5 O-O-O 14. Nxf6 Qe7 15. Bxg4+ hxg4 16. Qxg4+ Kb8 17. Nd5 Qe8 18. g3 Qa4 19. b3 Qa3 20. Qe2 c6 21. Nf6 d5 22. exd5 Qd6 23. Kg2 Nxh4+ 24. gxh4 Rdg8+ 25. Nxg8 Rxg8+ 26. Kh1 Qd7 27. Rg1 Qh3+ 28. Qh2+ 1-0


[Site "https://www.chess.com"]

[Event "Titled Tuesday Blitz August 3 2021"]
[White "Tokhirjonova, Gulrukhbegim"]
[Black "Stribuk, Artiom"]
[WhiteFideId "14203626"]
[BlackFideId "13515659"]
[WhiteElo "2236"]
[BlackElo "2224"]
[Result "1-0"]
[Round "11"]
[TimeControl "180+1"]
[Date "2021.08.03"]
[WhiteClock "0:00:59"]
[BlackClock "0:00:09"]

1. e4 c5 2. Nf3 Nc6 3. Nc3 Nf6 4. d4 cxd4 5. Nxd4 e5 6. Ndb5 d6 7. Bg5 a6 8. Na3 b5 9. Nd5 Be7 10. Bxf6 Bxf6 11. c4 b4 12. Nc2 O-O 13. g3 a5 14. Bg2 Bg5 15. O-O Ne7 16. b3 Nxd5 17. Qxd5 Be6 18. Qd3 Qb6 19. Rad1 Rfd8 20. h4 Bh6 21. Kh2 a4 22. Bh3 axb3 23. Qxb3 Rdb8 24. Bxe6 fxe6 25. Rd3 Qc5 26. Kg2 g6 27. Rfd1 Bf8 28. Rb1 Rc8 29. Nxb4 Qxc4 30. f3 Rab8 31. Qxc4 Rxc4 32. a3 Ra8 33. Kf2 Kf7 34. Ke3 Be7 35. Rbb3 Rc1 36. Rbc3 Ra1 37. Rc7 Kf6 38. g4 h6 39. g5+ hxg5 40. hxg5+ Kf7 41. Nc6 Re8 42. Rxd6 Rxa3+ 43. Kf2 Kf8 44. Rdd7 Rc3 45. Nxe7 Rxc7 46. Nxg6+ 1-0


[Site "https://www.chess.com"]